 Dungeon Crawl Stone Soup version 0.29-a0-22-gbf593b16ee (webtiles) character file.

Game seed: 6609420599904734253

2 frimble the Grasshopper (level 1, -1/16 HPs)
             Began as a Demonspawn Warper on Jan 30, 2022.
             Slain by a jackal (2 damage)
             ... on level 1 of the Dungeon.
             The game lasted 00:00:41 (69 turns).

frimble the Grasshopper (Demonspawn Warper)           Turns: 69, Time: 00:00:42

Health: -1/16      AC:  3    Str: 11    XL:     1   Next: 25%
Magic:  3/3        EV: 11    Int: 14    God:
Gold:   0          SH:  0    Dex: 12    Spells: 4/4 levels left

rFire   . . .      SeeInvis .   a - +0 short sword
rCold   . . .      Faith    .   (no shield)
rNeg    . . .      Spirit   .   b - +0 leather armour
rPois   .          Reflect  .   (no helmet)
rElec   .          Harm     .   (no cloak)
rCorr   .          Rampage  .   (no gloves)
Will    .....                   (no boots)
Stlth   +.........              (no amulet)
HPRegen 0.05/turn               (no ring)
MPRegen 0.08/turn               (no ring)

@: no status effects
A: no striking features
a: no special abilities


You were on level 1 of the Dungeon.
You visited 1 branch of the dungeon, and saw 1 of its levels.

Inventory:

Hand Weapons
 a - a +0 short sword (weapon)
Missiles
 d - 5 boomerangs of dispersal (quivered)
Armour
 b - a +0 leather armour (worn)


   Skills:
 - Level 2.0 Fighting
 + Level 2.0 Short Blades
 - Level 0.8 Throwing
 - Level 0.8 Armour
 - Level 1.7 Dodging
 - Level 2.0 Spellcasting
 - Level 2.6 Translocations


You had 4 spell levels left.
You didn't know any spells.
Your spell library contained the following spells:

 Spells                   Type           Power      Damage    Failure   Level
 Blink                    Tloc           16%        N/A       16%         2
 Gell's Gravitas          Tloc           8%         N/A       30%         3
 Lesser Beckoning         Tloc           8%         N/A       30%         3
 Teleport Other           Tloc           8%         N/A       30%         3
 Manifold Assault         Tloc           8%         N/A       96%         5


Dungeon Overview and Level Annotations

Branches:
Dungeon (1/15)

Altars:


Message History

The rat misses you. The kobold barely misses you.
A giant cockroach comes into view.
The ball python barely misses you. The ball python closely misses you.
The giant cockroach closely misses you.
The giant cockroach misses you. 2 endoplasms come into view.
The endoplasm quivers.
The giant cockroach closely misses you.
The endoplasm hits you but does no damage.
Blink to where?
Press: ? - help, Dir - move target A jackal and a giant cockroach come into view.
Found a stone staircase leading down.
As you read the scroll of blinking, it crumbles to dust.
The endoplasm jiggles.
The endoplasm completely misses you.
The giant cockroach barely misses you. 3 jackals come into view.
Found a stone staircase leading down.
The jackal barks! x3; You hear a bark!
You hear an angry hiss.
You hear a bark!
The endoplasm freezes you.
You are frozen.
* * * LOW HITPOINT WARNING * * *
The giant cockroach barely misses you.
A jackal comes into view.
The jackal closely misses you.
Something unseen opens the huge gate.
The jackal moves out of view.
Found a faded altar of an unknown god.
You aren't carrying any scrolls.
You aren't carrying any potions.
The giant cockroach waves its antennae.
The giant cockroach barely misses you.
The jackal barely misses you. x3; The jackal closely misses you.
A jackal comes into view.
The jackal barks!
The jackal bites you but does no damage.
The jackal bites you.
* * * LOW HITPOINT WARNING * * *
The jackal bites you.
You die...

#....# #....#
####....#####
###...rBJ.r.r.#
#....###.#####.#####
..........S#####.Kr..####
...####..Jh....g####r.g.#
.# ......hhB..l.# ####l##
.....>h@.....# #..#
...........### ##r##
''''.###.....# #.rK


''''. ###.#..# ###g '_''. .#...# #l 'h' .# #.. ..####. ' .. .. ....... ######J
#. You could see 2 endoplasms, a quokka, 5 jackals, 2 giant cockroaches, a
hobgoblin, a ball python, a kobold and a frilled lizard.

Vanquished Creatures
  A kobold (D:1)
  A frilled lizard (D:1)
2 creatures vanquished.

Notes
Turn   | Place    | Note
-------+----------+-------------------------------------------
     0 | D:1      | frimble the Demonspawn Warper began the quest for the Orb.
     0 | D:1      | Reached XP level 1. HP: 16/16 MP: 3/3
    66 | D:1      | Found a faded altar of an unknown god.
    69 | D:1      | Slain by a jackal

Illustrated notes

Levels and vault maps discovered:
D:1:      minmay_arrival_glassed_features, layout_rooms,
          hellmonk_ecumenical_altar_heavens_door

Skill      XL: |  1 |
---------------+----+-----
Short Blades   | 2 |  2.0
Fighting       | |  2.0
Throwing       | |  0.8
Armour         | |  0.8
Dodging        | |  1.7
Spellcasting   | |  2.0
Translocations | |  2.6

Action                   || total
-------------------------++-------
Melee: Short sword       ||     5
  Use: Scroll            ||     1
Armor: Leather armour    ||     7
Dodge: Dodged            ||    28

Table legend: (Time is in decaauts)
 A = Elapsed time spent in this place.
 B = Non-inter-level travel time spent in this place.
 C = Inter-level travel time spent in this place.
 D = Time resting spent in this place.
 E = Time spent auto-exploring this place.
 F = Levels seen in this place.
 G = Mean time per level.
                   A        B        C        D        E       F      G
               +--------+--------+--------+--------+--------+-----+--------+
         Total |     69 |     69 |      0 |      0 |      5 |   1 |   69.0 |
       Dungeon |     69 |     69 |      0 |      0 |      5 |   1 |   69.0 |
               +--------+--------+--------+--------+--------+-----+--------+

Top non-repeatable levels by time:
     D:1: 69 daAuts
